 Dungeon Crawl Stone Soup version 0.22-a0-362-g535178c (webtiles) character file.

99 OrphanAnnie the Ducker (level 4, -11/31 HPs)
             Began as an Octopode Berserker on Apr 19, 2018.
             Was a Believer of Trog.
             Mangled by thechecker02's ghost (13 damage)
             ... on level 3 of the Dungeon.
             The game lasted 00:05:54 (1975 turns).

OrphanAnnie the Ducker (Octopode Berserker)         Turns: 1975, Time: 00:05:55

Health: -11/31     AC:  1    Str: 17    XL:     4   Next: 72%
Magic:  4/4        EV: 14    Int:  9    God:    Trog [**....]
Gold:   125        SH:  0    Dex: 11    Spells: 3/3 levels left

rFire    . . .     SeeInvis .   c - +0 spear
rCold    . . .     Gourm    .   (no shield)
rNeg     . . .     Faith    .   (helmet restricted)
rPois    .         Spirit   .   (no amulet)
rElec    .         Reflect  .   (no ring)
rCorr    .         Harm     .   (no ring)
MR       .....                  (no ring)
Stlth    +++.......             (no ring)
HPRegen  0.10/turn              (no ring)
MPRegen  0.09/turn              (no ring)
                                (no ring)
                                (no ring)

@: no status effects
A: almost no armour, stealthy swim, amphibious, 8 rings, constrict 8, camouflage
1, gelatinous body 1
a: Berserk, Trog's Hand, Renounce Religion


You were on level 3 of the Dungeon.
You worshipped Trog.
Trog was pleased with you.
You were not hungry.

You visited 1 branch of the dungeon, and saw 3 of its levels.

You collected 125 gold pieces.

Inventory:

Hand Weapons
 a - a cursed -1 hunting sling
 c - a +0 spear (weapon)
 d - a cursed -2 hand axe
Missiles
 k - 21 bolts
 o - 4 tomahawks (quivered)
Jewellery
 g - an uncursed ring of protection from magic {unknown}
 h - a +2 ring of protection {unknown}
 i - a cursed ring of loudness {unknown}
Wands
 m - a wand of acid (4)
Scrolls
 e - a scroll of immolation {unknown}
 l - a scroll of identify {unknown}
Potions
 f - a potion of curing {unknown}
 j - a potion of might {unknown}
Comestibles
 b - 3 rations


   Skills:
 + Level 3.5 Fighting
 + Level 3.3(3.7) Axes
 + Level 2.3(3.2) Polearms
 + Level 3.7 Dodging
 + Level 1.1 Stealth


You had 3 spell levels left.
You didn't know any spells.

Dungeon Overview and Level Annotations

Branches:
Dungeon (3/15)

Altars:
Elyvilon

Annotations:
D:3 thechecker02's ghost, amateur HOMo


Innate Abilities, Weirdness & Mutations

You cannot wear most types of armour.
You are very stealthy in the water. (Stealth+)
You are amphibious.
You can wear up to eight rings at the same time.
You can use your tentacles to constrict eight enemies at once.
Your skin changes colour to match your surroundings (Stealth+).
Your rubbery body absorbs attacks. (AC +1, EV +1)


Message History

You now have 125 gold pieces (gained 16).
Press: ? - help, v - describe, . - travel The floor.
Press: ? - help, v - describe, . - travel The floor.
Unknown command.
You don't know any spells.
No target in view!
Thechecker02's ghost (amateur Hill Orc Monk) comes into view.
Thechecker02's ghost turns its malevolent gaze towards you.
Thechecker02's ghost barely misses you.
You closely miss thechecker02's ghost. Thechecker02's ghost hits you!!
Ouch! That really hurt!
You hit thechecker02's ghost.
Thechecker02's ghost is lightly damaged.
Thechecker02's ghost hits you!
* * * LOW HITPOINT WARNING * * *
It was a potion of magic.
Magic courses through your body. Thechecker02's ghost hits you!
You die...

..........#
.......†#.#
..###.....##.# .
..###........#
.............###.#
.......###...###..
.#..###≈≈...≈≈#
......#≈..♣..≈#..#
#..##W@........#
#..#...♣._.♣...#
#.#..#..........##
#...<..#≈..♣..≈##
##..####≈≈...≈≈#
#.. ###r..### #..
#..## #.. #### ##.


You could see thechecker02's ghost and a neutral quokka (wandering).

Vanquished Creatures
  Jessica (D:2)
  2 adders (D:2)
  3 worms (D:2)
  A dart slug (D:1)
  A leopard gecko (D:2)
  2 ball pythons
  2 giant cockroaches (D:1)
  7 goblins
  6 hobgoblins
  4 jackals (D:1)
  5 bats
  A frilled lizard (D:2)
  3 kobolds
  5 rats
43 creatures vanquished.

Notes
Turn   | Place    | Note
-------+----------+-------------------------------------------
     0 | D:1      | OrphanAnnie the Octopode Berserker began the quest for the Orb.
     0 | D:1      | Reached XP level 1. HP: 16/16 MP: 1/1
   205 | D:1      | Reached XP level 2. HP: 21/21 MP: 2/2
   473 | D:1      | Reached XP level 3. HP: 12/26 MP: 3/3
   786 | D:2      | Reached skill level 1 in Polearms
  1148 | D:2      | Reached ** piety under Trog
  1399 | D:2      | Reached XP level 4. HP: 24/31 MP: 4/4
  1526 | D:2      | Noticed Jessica
  1542 | D:2      | Killed Jessica
  1542 | D:2      | Reached skill level 1 in Stealth
  1921 | D:3      | Found a white marble altar of Elyvilon.
  1967 | D:3      | Noticed thechecker02's ghost (amateur HOMo)
  1975 | D:3      | Mangled by thechecker02's ghost

Vault maps used:
D:1:      mrwooster_arrival_statue_3
D:2:      kennysheep_minor_cross, minivault_5, uniq_jessica
D:3:      elyvilon_altar_4

Skill      XL: |  1  2  3  4 |
---------------+-------------+-----
Polearms       | 1 2 |  2.3
Stealth        | 1 |  1.1
Fighting       | |  3.5
Axes           | |  3.3
Dodging        | |  3.7

Action                   |  1- 3 |  4- 6 || total
-------------------------+-------+-------++-------
Melee: Spear             |    76 |    18 ||    94
       Tentacles         |    12 |     3 ||    15
       Constrict         |    21 |     4 ||    25
  Use: Potion            |       |     1 ||     1
 Stab: Sleeping          |     3 |     1 ||     4
  Eat: Chunk             |     1 |     2 ||     3
Armor: Skin              |     7 |       ||     7
Dodge: Dodged            |    84 |     8 ||    92

Table legend:
 A = Spawn XP
 B = Non-spawn XP
 C = Spawn XP percentage of total XP
 D = Spawn monster count
 E = Non-spawn monster count
 F = Spawn count percentage of total count
 G = Total turns spent on level
                    A         B        C        D         E        F      G
               +---------+---------+-------+---------+---------+-------+---------
         Total |       0 |     142 |   0.0 |       0 |      43 |   0.0 |  1975
               +---------+---------+-------+---------+---------+-------+---------
           D:1 |       0 |      36 |   0.0 |       0 |      19 |   0.0 |   778
           D:2 |       0 |     105 |   0.0 |       0 |      23 |   0.0 |  1143
           D:3 |       0 |       1 |   0.0 |       0 |       1 |   0.0 |    54
               +---------+---------+-------+---------+---------+-------+---------
